 Dungeon Crawl Stone Soup version 0.16-a0-3807-g3748f16 (webtiles) character file.

57 MrRokkomies the Chucker (level 4, -6/48 HPs)
             Began as an Ogre Hunter on Jan 28, 2015.
             Mangled by Sigmund
             ... wielding a +0 scythe
              (11 damage)
             ... on level 3 of the Dungeon.
             The game lasted 00:05:42 (2265 turns).

MrRokkomies the Chucker (Ogre Hunter)               Turns: 2265, Time: 00:05:43

Health: -6/48      AC:  8    Str: 17    XL:     4   Next: 0%
Magic:  4/4        EV: 10    Int: 10    God:
Gold:   101        SH:  0    Dex: 11    Spells: 0 memorised, 3 levels left

rFire  . . .     SeeInvis .     h - +0 mace
rCold  . . .     Clarity  +     d - +0 animal skin
rNeg   . . .     SustAb   .     (shield restricted)
rPois  .         Gourm    .     (helmet restricted)
rElec  .         Spirit   .     k - +0 cloak
rCorr  .         Warding  .     (gloves unavailable)
rMut   .         Stasis   .     (boots unavailable)
MR     .....                    o - amulet of clarity
Stlth  +.........               (no ring)
                                (no ring)

@: flying, very slightly contaminated, hasted, very quick, not resistant to
hostile enchantments, very unstealthy
A: unfitting armour, icy blue scales 1, molten scales 1, yellow scales 1, tough
skin 1
a: no special abilities


You were on level 3 of the Dungeon.
You were hungry.

You visited 1 branch of the dungeon, and saw 3 of its levels.

You collected 101 gold pieces.

Inventory:

Hand weapons
 h - a +0 mace (weapon)
Missiles
 e - 48 stones (quivered)
Armour
 d - a +0 animal skin (worn)
 k - a +0 cloak (worn)
Jewellery
 o - an amulet of clarity (around neck)
Potions
 q - a potion of magic {unknown}
Comestibles
 f - 2 meat rations
 j - 3 fruits
 m - a bread ration


   Skills:
 * Level 4.0 Fighting
 * Level 1.1 Maces & Flails
 - Level 5.0 Throwing
 + Level 2.2 Dodging
 - Level 0.7 Stealth


You had 3 spell levels left.
You didn't know any spells.

Dungeon Overview and Level Annotations

Branches:
Dungeon (3/15)

Altars:
Trog
The Shining One

Annotations:
D:3 Sigmund


Innate Abilities, Weirdness & Mutations

You are too large for most types of armour.
You have tough skin (AC +1).
You are partially covered in icy blue scales (AC +1).
You are partially covered in molten scales (AC +1).
You are partially covered in yellow scales (AC +2).


Message History

Sigmund is severely wounded.
The goblin hits you.
Sigmund casts a spell.
Sigmund flickers and vanishes!
Deactivating autopickup; reactivate with Ctrl-A.
You barely miss something. The goblin hits you but does no damage.
Something hits you.
You hit something but do no damage. The goblin hits you but does no damage.
You hit something.
You hear some strange, mumbled words.
The puff of flame hits you!
* * * LOW HITPOINT WARNING * * *
The goblin hits you.
* * * LOW HITPOINT WARNING * * *
You barely miss something.
You hear some strange, mumbled words.
Something tries to affect you, but you resist.
The goblin hits you but does no damage.
You barely miss something. Something hits you!
You die...

#.# #.# #.# . #.#
#.# #.# #.# #.# ##.
#.# #.# .. #.# #.#
#.##.######@#
#.#.......g{#.
#.....)##...(...(((.
#.......#...#.#.#.#
#...........#...
#...#..†...(....#
####.#......#####
#.#<....##
#...........


You could see a goblin.

Vanquished Creatures
  An adder (D:2)
  A giant mite (D:2)
  3 giant geckos
  2 ball pythons
  3 goblins
  5 hobgoblins
  6 kobolds
  A quokka (D:2)
  7 bats
  A giant cockroach (D:2)
  3 giant newts
  2 rats
35 creatures vanquished.

Notes
Turn   | Place    | Note
--------------------------------------------------------------
     0 | D:1      | MrRokkomies, the Ogre Hunter, began the quest for the Orb.
     0 | D:1      | Reached XP level 1. HP: 22/22 MP: 1/1
   536 | D:1      | Reached XP level 2. HP: 31/31 MP: 2/2
  1205 | D:2      | Reached XP level 3. HP: 8/39 MP: 3/3
  1579 | D:2      | Found a bloodstained altar of Trog.
  1668 | D:2      | Found a glowing golden altar of the Shining One.
  1969 | D:2      | Reached skill level 5 in Throwing
  2048 | D:2      | Reached skill level 1 in Maces & Flails
  2224 | D:3      | Reached XP level 4. HP: 46/48 MP: 4/4
  2231 | D:3      | Noticed Sigmund
  2253 | D:3      | Gained mutation: You are partially covered in yellow scales (AC +2). [potion of mutation]
  2253 | D:3      | Gained mutation: You are partially covered in molten scales (AC +1). [potion of mutation]
  2253 | D:3      | Gained mutation: You are partially covered in icy blue scales (AC +1). [potion of mutation]
  2265 | D:3      | Mangled by Sigmund

Action                   |  1- 3 |  4- 6 || total
-------------------------+-------+-------++-------
Melee: Whip              |   118 |       ||   118
       Short sword       |     6 |       ||     6
       Mace              |    40 |    15 ||    55
Throw: Stone             |     8 |       ||     8
       Large rock        |       |     5 ||     5
       Throwing net      |       |     2 ||     2
  Use: Scroll            |     4 |       ||     4
       Potion            |     1 |     5 ||     6
 Stab: Sleeping          |     1 |       ||     1
  Eat: Chunk             |     4 |       ||     4
